 Dungeon Crawl Stone Soup version 0.20.1-1-g8b1a95d (webtiles) character file.

1268 letownia2 the Reanimator (level 8, 55/68 HPs)
             Began as a Deep Dwarf Necromancer on Nov 7, 2017.
             Quit the game on level 9 of the Dungeon.
             The game lasted 00:09:04 (3554 turns).

letownia2 the Reanimator (Deep Dwarf Necromancer)   Turns: 3554, Time: 00:09:04

Health: 55/68      AC:  8    Str: 12    XL:     8   Next: 28%
Magic:  14/14      EV:  9    Int: 18    God:
Gold:   145        SH:  0    Dex: 13    Spells: 4/16 levels left

rFire    . . .     SeeInvis .   a - +0 dagger (venom)
rCold    . . .     Gourm    .   (no shield)
rNeg     . . .     Faith    .   l - +0 scale mail (curse)
rPois    .         Spirit   .   (no helmet)
rElec    .         Reflect  .   (no cloak)
rCorr    .         Harm     .   (no gloves)
MR       +....                  q - +0 pair of boots
Stlth    +.........             (no amulet)
Regen    0.0/turn               (no ring)
MPRegen  0.2/turn               (no ring)

@: non-regenerating
A: damage resistance, heal wounds, sense surroundings 1, no regeneration
a: Heal Wounds


You were on level 9 of the Dungeon.
You were not hungry.

You visited 1 branch of the dungeon, and saw 7 of its levels.

You collected 156 gold pieces.
You spent 11 gold pieces at shops.

Inventory:

Hand Weapons
 a - a +0 dagger of venom (weapon)
 b - a +2 mace of crushing
 j - a +0 war axe
 z - a +0 war axe
 B - a +1 vampiric whip
Missiles
 A - 27 sling bullets
Armour
 l - a cursed +0 scale mail (worn)
 q - a +0 pair of boots (worn)
 r - a +0 ring mail
Wands
 n - a wand of polymorph (17/24)
 s - a wand of flame (10/48)
 C - a wand of random effects (17/48)
Scrolls
 e - a scroll of fear {unknown}
 h - 2 scrolls of remove curse {unknown}
 i - 4 scrolls of enchant armour {unknown}
 p - 8 scrolls of identify {unknown}
 t - 3 scrolls of teleportation {unknown}
 x - 2 scrolls of recharging {unknown}
Potions
 d - a potion of resistance {unknown}
 g - a potion of ambrosia {unknown}
 k - 2 potions of curing {unknown}
 u - a potion of invisibility {unknown}
 w - 2 potions of heal wounds {unknown}
Books
 v - a book of Minor Magic

   Spells                             Type                      Level
   a - Magic Dart                     Conjuration                  1
   b - Blink                          Translocation                2
   c - Call Imp                       Summoning                    2
   d - Slow                           Hexes                        2
   e - Conjure Flame                  Conjuration/Fire             3
   f - Mephitic Cloud                 Conjuration/Poison/Air       3
 y - a book of Necromancy

   Spells                             Type                      Level
   a - Pain                           Necromancy                   1
   b - Animate Skeleton               Necromancy                   1
   c - Vampiric Draining              Necromancy                   3
   d - Regeneration                   Charms/Necromancy            3
   e - Animate Dead                   Necromancy                   4
   f - Control Undead                 Necromancy                   4
Comestibles
 c - 6 bread rations
 f - 2 meat rations
 m - 4 chunks of flesh


   Skills:
 - Level 2.5 Fighting
 - Level 3.4 Armour
 - Level 2.1 Dodging
 - Level 2.4 Stealth
 - Level 4.5 Spellcasting
 + Level 1.4 Conjurations
 - Level 8.0 Necromancy
 + Level 1.4 Fire Magic
 + Level 1.1 Air Magic
 + Level 1.2 Poison Magic


You had 4 spell levels left.
You knew the following spells:

 Your Spells              Type           Power        Failure   Level  Hunger
a - Pain                  Necr           ####         2%          1    None
b - Blink                 Tloc           N/A          71%         2    #......
c - Conjure Flame         Conj/Fire      #.......     75%         3    ###....
e - Mephitic Cloud        Conj/Pois/Air  #.......     75%         3    ###....
v - Vampiric Draining     Necr           ####......   8%          3    ###....


Dungeon Overview and Level Annotations

Branches:
Dungeon (6/15)
 Temple: D:4-7

Altars:
Ashenzari
Elyvilon
Ru
Yredelemnul

Shops:
D:6 *

Annotations:
D:5 Dowan; Duvessa; Grinder; Irenicus's ghost, amateur DDNe


Innate Abilities, Weirdness & Mutations

You are resistant to damage.
You can heal yourself by infusing magical energy.
You passively map a small area around you.
You do not regenerate.


Message History

The sky beast hits you. The sky beast shocks you.
You hit the sky beast.
The sky beast is poisoned.
The sky beast is lightly wounded.
The sky beast flickers out of sight!
Deactivating autopickup; reactivate with Ctrl-A.
Something hits you but does no damage.
No target in view!
No target in view!
You closely miss something. Something hits you but does no damage.
You hit something but do no damage. Something hits you but does no damage.
You barely miss something. Something hits you. Something shocks you.
You aren't carrying any pieces of jewellery.
Unknown command.
Wear which item? (? for menu, Esc to quit)
Okay, then.
As you read the scroll labeled IMAIWE CAEN, it crumbles to dust.
The creatures around you are filled with an inner flame!
It was a scroll of immolation.
Something hits you but does no damage.
Unknown command.
Are you sure you want to abandon this character and quit the game? (Confirm with "yes".)

#....#. ,,
* ###.....
, ,.......#
, ,,
......####
**
#.....!.>.,
#.........
#.{.......
#.@.......
*
#.........
#.....####
#.....#,
#.....# ,
......# * ,
.......#, ,
,
........#≈
,.........#
≈≈


There were no monsters in sight!

Vanquished Creatures
  A hippogriff (D:4)
  Sigmund (D:6)
  Edmund (D:6)
  An ogre (D:5)
  A centaur (D:5)
  Blork the orc (D:4)
  2 bullfrogs (D:6)
  A scorpion (D:5)
  2 hounds
  3 orc priests (D:5)
  An orc wizard (D:5)
  2 iguanas
  2 worker ants (D:4)
  2 hound skeletons (D:5)
  A howler monkey skeleton (D:4)
  3 adders
  A shadow imp (D:5)
  An ooze (D:4)
  An adder skeleton (D:4)
  A leopard gecko (D:1)
  12 orcs
  4 giant cockroaches
  A goblin (D:3)
  10 jackals
  2 quokkas
  A ball python (D:4)
  A bat (D:2)
  3 frilled lizards
  A leopard gecko skeleton (D:3)
  A rat (D:3)
65 creatures vanquished.

Notes
Turn   | Place    | Note
-------+----------+-------------------------------------------
     0 | D:1      | letownia2 the Deep Dwarf Necromancer began the quest for the Orb.
     0 | D:1      | Reached XP level 1. HP: 15/15 MP: 3/3
   156 | D:3      | Noticed an orc wizard
   233 | D:3      | Reached XP level 2. HP: 19/22 MP: 0/5
   332 | D:3      | Reached skill level 5 in Necromancy
   462 | D:3      | Found a basalt altar of Yredelemnul.
   500 | D:4      | Reached XP level 3. HP: 19/28 MP: 0/6
   505 | D:4      | Learned a level 3 spell: Vampiric Draining
   566 | D:4      | Reached XP level 4. HP: 25/36 MP: 0/7
   633 | D:4      | Noticed Blork the orc
   651 | D:4      | Killed Blork the orc
   651 | D:4      | Reached skill level 6 in Necromancy
   651 | D:4      | Reached XP level 5. HP: 25/42 MP: 2/8
   824 | D:4      | Reached skill level 7 in Necromancy
   905 | D:4      | Found a shattered altar of Ashenzari.
  1423 | D:4      | Noticed a hippogriff
  1449 | D:5      | Entered Level 5 of the Dungeon
  1449 | D:5      | Noticed Irenicus's ghost (amateur DDNe)
  1565 | D:5      | Reached skill level 1 in Armour
  1881 | D:5      | Reached XP level 6. HP: 32/49 MP: 9/9
  1936 | D:5      | Noticed Dowan
  1940 | D:5      | Noticed Duvessa
  2284 | D:5      | Noticed Grinder
  2321 | D:3      | Reached skill level 1 in Fighting
  2407 | D:4      | Killed a hippogriff
  2407 | D:4      | Reached XP level 7. HP: 40/58 MP: 0/12
  2999 | D:6      | Noticed Sigmund
  3005 | D:6      | Killed Sigmund
  3005 | D:6      | Reached skill level 8 in Necromancy
  3015 | D:6      | Learned a level 2 spell: Blink
  3019 | D:6      | Learned a level 3 spell: Conjure Flame
  3023 | D:6      | Learned a level 3 spell: Mephitic Cloud
  3096 | D:6      | Found a sacrificial altar of Ru.
  3099 | D:6      | Reached XP level 8. HP: 56/68 MP: 7/14
  3169 | D:6      | Found Wobig's General Store.
  3201 | D:6      | Bought a potion of degeneration for 11 gold pieces
  3212 | D:6      | Found a white marble altar of Elyvilon.
  3479 | D:6      | Reached skill level 1 in Fire Magic
  3480 | D:6      | Noticed Edmund
  3500 | D:6      | Killed Edmund
  3500 | D:6      | Reached skill level 1 in Conjurations
  3500 | D:6      | Reached skill level 1 in Air Magic
  3500 | D:6      | Reached skill level 1 in Poison Magic
  3545 | D:6      | You fall through a shaft for 3 floors!
  3554 | D:9      | Quit the game

Skill      XL: |  1  2  3  4  5  6  7  8 |
---------------+-------------------------+-----
Spellcasting   | 2 3 4 |  4.5
Necromancy     | 5 6 7 8 |  8.0
Armour         | 1 2 3 |  3.4
Fighting       | 1 2 |  2.5
Fire Magic     | 1 |  1.4
Conjurations   | 1 |  1.4
Air Magic      | 1 |  1.1
Poison Magic   | 1 |  1.2
Dodging        | |  2.1
Stealth        | |  2.4

Action                   |  1- 3 |  4- 6 |  7- 9 || total
-------------------------+-------+-------+-------++-------
Melee: Unarmed           |     6 |       |       ||     6
       War axe           |     9 |       |       ||     9
       Dagger            |    10 |    87 |    63 ||   160
       Mace              |       |       |     5 ||     5
 Cast: Pain              |    26 |    10 |     6 ||    42
       Vampiric Draining |     2 |    24 |    27 ||    53
  Use: Scroll            |       |       |     1 ||     1
  Eat: Chunk             |       |     8 |     6 ||    14
Armor: Robe              |    23 |       |       ||    23
       Leather armour    |     1 |     6 |       ||     7
       Ring mail         |       |    25 |       ||    25
       Scale mail        |       |     6 |    38 ||    44
Dodge: Dodged            |    57 |    54 |    49 ||   160
